 Dungeon Crawl Stone Soup version 0.30-a0-808-g6e0788376e (webtiles) character file.

Game seed: 12218700355853686632

462 cforsyth the Sneak (level 7, -1/44 HPs)
             Began as a Kobold Brigand on Feb 26, 2023.
             Killed by divine providence
             ... invoked by an orc priest
              (11 damage)
             ... on level 3 of the Dungeon on Feb 27, 2023.
             The game lasted 00:03:26 (3909 turns).

cforsyth the Sneak (Kobold Brigand)                 Turns: 3909, Time: 00:03:27

Health: -1/44      AC:  5    Str:  9    XL:     7   Next: 28%
Magic:  7/7        EV: 16    Int: 12    God:
Gold:   120        SH:  0    Dex: 18    Spells: 6/6 levels left

rFire   . . .      SeeInvis .    a - +2 dagger
rCold   . . .      Faith    .    (no shield)
rNeg    . . .      Spirit   .    u - +1 leather armour {Will+}
rPois   .          Reflect  .    (no helmet)
rElec   .          Harm     .    c - +0 cloak
rCorr   .          Rampage  .    (no gloves)
Will    ++...                    (no boots)
Stlth   +++++                    (no amulet)
HPRegen 0.27/turn                l - ring of willpower
MPRegen 0.10/turn                (no ring)

@: no status effects
A: small, no large weapons, nightstalker 3
a: no special abilities


You were on level 3 of the Dungeon.
You visited 1 branch of the dungeon, and saw 4 of its levels.

You collected 120 gold pieces.

Inventory:

Hand Weapons
 a - a +2 dagger (weapon)
Missiles
 d - 31 poisoned darts (quivered)
 e - 3 curare-tipped darts
Armour
 c - a +0 cloak (worn)
 u - a +1 leather armour of willpower (worn)
 v - a +2 robe of positive energy
Jewellery
 l - a ring of willpower (left hand)
Wands
 b - a wand of paralysis (5)
Scrolls
 f - 2 scrolls of blinking
 i - a scroll of magic mapping {unknown}
 j - a scroll of teleportation {unknown}
 q - a scroll of brand weapon {unknown}
 r - 3 scrolls of identify {unknown}
 s - a scroll of enchant weapon {unknown}
 t - a scroll of poison {unknown}
 x - 3 scrolls of noise {unknown}
 y - a scroll of fog {unknown}
Potions
 g - a potion of brilliance
 h - a potion of ambrosia {unknown}
 m - a potion of degeneration {unknown}
 n - a potion of heal wounds {unknown}
 o - a potion of flight {unknown}
 p - a potion of magic
 w - a potion of resistance {unknown}
 A - a potion of haste {unknown}


   Skills:
 + Level 4.4 Fighting
 + Level 5.3 Short Blades
 - Level 2.1 Throwing
 + Level 4.2 Dodging
 + Level 7.4 Stealth


You had 6 spell levels left.
You didn't know any spells.
Your spell library contained the following spells:

 Spells                   Type           Power      Damage    Failure   Level
 Freeze                   Ice            0%         1d3       43%         1
 Frozen Ramparts          Ice            0%         1d1       80%         3
 Hailstorm                Conj/Ice       0%         3d3       80%         3


Dungeon Overview and Level Annotations

Branches:
Dungeon (4/15)
 Temple: D:4-7

Altars:
Elyvilon

Shops:
D:1 ?


Innate Abilities, Weirdness & Mutations

You are small and have problems with some larger weapons.
You are completely attuned to the shadows.


Message History

There is a stone staircase leading down, spattered with blood here.
You hit the orc priest but do no damage.
You hit the orc priest.
The orc priest is moderately wounded.
The orc priest closely misses you.
You hit the orc priest.
The orc priest is moderately wounded.
The orc priest misses you.
You hit the orc priest.
The orc priest is heavily wounded.
The orc priest calls down the wrath of Beogh upon you.
Beogh smites you!
You hit the orc priest but do no damage.
The orc priest is heavily wounded.
You hit the orc priest but do no damage.
The orc priest is heavily wounded.
The orc priest calls down the wrath of Beogh upon you.
Beogh smites you!
* * * LOW HITPOINT WARNING * * *
You closely miss the orc priest.
The orc priest is heavily wounded.
The orc priest closely misses you.
It was a potion of magic.
Magic courses through your body.
The orc priest miscasts a cantrip.
It was a potion of brilliance.
You feel clever all of a sudden.
The orc priest hits you with a +0 dagger.
* * * LOW HITPOINT WARNING * * *
It was a potion of cancellation.
Your magical effects are unravelling.
You feel magically purged.
You feel a little less clever now. The orc priest completely misses you.
It was a potion of curing.
You feel better.
The orc priest hits you but does no damage.
You hit the orc priest.
The orc priest is severely wounded.
The orc priest invokes the aid of Beogh against you.
Beogh smites you!
You die...

###########
#.........# ##
#†#######.# #. ##.##
#@# #. #..>#
#o############ #.
#...#
#............####.
#...#
###########...†.#.
##.## #.)...#. #.#
###############..###..
#.# #............†...#
#.. #.#
#.#############..###..
#.# #.#
#................


You could see an orc priest.

Vanquished Creatures
  A black bear (D:3)
  An ogre (D:4)
  An orc priest (D:3)
  Ijyb (D:3)
  An iguana (D:4)
  3 orc wizards
  6 adders
  An ufetubus (D:4)
  3 dart slugs
  7 orcs
  8 endoplasms
  3 giant cockroaches
  4 goblins
  5 hobgoblins
  6 quokkas
  A ball python (D:1)
  4 bats
  3 frilled lizards
  9 kobolds
  5 rats
73 creatures vanquished.

Notes
Turn   | Place    | Note
-------+----------+-------------------------------------------
     0 | D:1      | cforsyth the Kobold Brigand began the quest for the Orb.
     0 | D:1      | Reached XP level 1. HP: 12/12 MP: 1/1
    91 | D:1      | Found a faded altar of an unknown god.
   172 | D:1      | Reached XP level 2. HP: 18/18 MP: 2/2
   429 | D:1      | Found Peso's Magic Scroll Shoppe.
   670 | D:1      | Reached XP level 3. HP: 20/22 MP: 3/3
  1657 | D:3      | Reached XP level 4. HP: 27/27 MP: 4/4
  1709 | D:3      | Reached skill level 6 in Stealth
  1907 | D:3      | Reached XP level 5. HP: 27/32 MP: 5/5
  1932 | D:3      | Noticed Ijyb
  1939 | D:3      | Paralysed by Ijyb for 4 turns
  1962 | D:3      | Killed Ijyb
  2692 | D:4      | Noticed an ogre
  2694 | D:4      | Killed an ogre
  2695 | D:4      | Reached XP level 6. HP: 38/38 MP: 6/6
  2852 | D:4      | Found a white marble altar of Elyvilon.
  2982 | D:4      | Reached skill level 7 in Stealth
  3080 | D:4      | Identified the +9 whip "Lariwkim" {freeze, MP+9 Int+3}
  3326 | D:4      | Reached skill level 5 in Short Blades
  3439 | D:4      | Noticed a black bear
  3565 | D:3      | Reached XP level 7. HP: 29/43 MP: 7/7
  3909 | D:3      | Killed from afar by an orc priest

Illustrated notes

Levels and vault maps discovered:
D:1:      lemuel_arrival_hallway, layout_loops_ring,
          dreamdust_ecumenical_altar_grove, serial_shops,
          nicolae_shop_advertising_works [nicolae_subvault_shop_adworks],
          item_on_display_a
D:2:      layout_basic
D:3:      layout_loops_ring, serial_glass, glass_columns_a, glass_columns_a,
          glass_columns_a, uniq_ijyb
D:4:      layout_basic, marbit_many_paths, lemuel_round_altar

Skill      XL: |  1  2  3  4  5  6 |
---------------+-------------------+-----
Short Blades   | 3 4 5 |  5.3
Dodging        | 2 3 4 |  4.2
Fighting       | 3 4 |  4.4
Stealth        | 6 7 |  7.4
Throwing       | |  2.1

Action                     |  1- 3 |  4- 6 |  7- 9 || total
---------------------------+-------+-------+-------++-------
  Melee: Dagger            |    78 |   176 |    34 ||   288
         Punch             |     1 |     2 |       ||     3
    Use: Scroll            |       |     1 |       ||     1
         Potion            |       |       |     4 ||     4
   Stab: Sleeping          |    14 |    25 |       ||    39
 Armour: Robe              |     7 |     9 |       ||    16
         Leather armour    |       |    21 |    13 ||    34
  Dodge: Dodged            |    43 |    58 |    39 ||   140

Table legend: (Time is in decaauts)
 A = Elapsed time spent in this place.
 B = Non-inter-level travel time spent in this place.
 C = Inter-level travel time spent in this place.
 D = Time resting spent in this place.
 E = Time spent auto-exploring this place.
 F = Levels seen in this place.
 G = Mean time per level.
                   A        B        C        D        E       F      G
               +--------+--------+--------+--------+--------+-----+--------+
         Total |   3853 |   3754 |     99 |    708 |   2511 |   4 |  963.2 |
       Dungeon |   3853 |   3754 |     99 |    708 |   2511 |   4 |  963.2 |
               +--------+--------+--------+--------+--------+-----+--------+

Top non-repeatable levels by time:
     D:3: 1644 daAuts
     D:1: 824 daAuts
     D:2: 747 daAuts
     D:4: 637 daAuts
